 Dungeon Crawl Stone Soup version 0.25.0-1-g7eea58d (webtiles) character file.

Game seed: 1012099227947446335

188 bogs101 the Magician (level 5, -10/28 HPs)
             Began as a Deep Elf Wizard on June 13, 2020.
             Killed by divine providence
             ... invoked by an orc priest
              (12 damage)
             ... on level 4 of the Dungeon.
             The game lasted 00:10:48 (3374 turns).

bogs101 the Magician (Deep Elf Wizard)              Turns: 3374, Time: 00:10:50

Health: -10/28     AC:  3    Str:  4    XL:     5   Next: 39%
Magic:  12/16      EV: 13    Int: 24    God:
Gold:   159        SH:  0    Dex: 13    Spells: 13/18 levels left

rFire    . . .     SeeInvis .   r - +1 mace (vorpal)
rCold    . . .     Gourm    .   (no shield)
rNeg     . . .     Faith    .   a - +0 robe
rPois    .         Spirit   .   b - +0 hat
rElec    .         Reflect  .   p - +0 cloak
rCorr    .         Harm     .   (no gloves)
MR       .....                  (no boots)
Stlth    +++.......             (no amulet)
HPRegen  0.09/turn              (no ring)
MPRegen  0.15/turn              (no ring)

@: no status effects
A: no striking features
a: no special abilities


You were on level 4 of the Dungeon.
You were not hungry.

You visited 1 branch of the dungeon, and saw 4 of its levels.

You collected 159 gold pieces.

Inventory:

Hand Weapons
 r - a +1 vorpal mace (weapon)
Missiles
 q - 3 poisoned darts (quivered)
 s - 3 silver boomerangs
Armour
 a - a +0 robe (worn)
 b - a +0 hat (worn)
 p - a +0 cloak (worn)
Jewellery
 g - an uncursed ring of resist corrosion {unknown}
Scrolls
 f - 4 scrolls of remove curse {unknown}
 h - 3 scrolls of identify {unknown}
 i - a scroll of immolation {unknown}
 j - a scroll of blinking {unknown}
 m - 3 scrolls of teleportation {unknown}
 t - a scroll of enchant weapon {unknown}
Potions
 c - a potion of heal wounds {unknown}
 e - 2 potions of curing {unknown}
 k - a potion of flight {unknown}
 l - a potion of brilliance {unknown}
 o - a potion of resistance {unknown}
 u - a potion of lignification {unknown}
Comestibles
 d - 9 rations
 n - 5 chunks of flesh


   Skills:
 - Level 2.4 Dodging
 * Level 4.2 Stealth
 + Level 7.3 Spellcasting
 - Level 1.1 Conjurations
 - Level 2.0 Summonings
 - Level 1.1 Translocations


You had 13 spell levels left.
You knew the following spells:

 Your Spells              Type           Power        Failure   Level  Hunger
a - Magic Dart            Conj           ##..         4%          1    None
b - Blink                 Tloc           N/A          7%          2    None
c - Call Imp              Summ           ###.....     4%          2    None

Your spell library contained the following spells:

 Spells                   Type           Power        Failure   Level  Hunger
 Slow                     Hex            #.......     11%         2    None
 Conjure Flame            Conj/Fire      ##......     17%         3    None
 Mephitic Cloud           Conj/Pois/Air  ##......     19%         3    None


Dungeon Overview and Level Annotations

Branches:
Dungeon (4/15)
 Temple: D:4-7

Altars:


Message History

Pain shoots through your body!
Ouch! That really hurt!
An orc comes into view.
The orc moves out of view.
Casting: Call Imp (safe; 4% risk of failure)
Confirm with . or Enter, or press ? or * to list all spells.
A beastly little devil appears in a puff of frigid air.
The orc priest calls down the wrath of Beogh upon you.
Beogh smites you!
* * * LOW HITPOINT WARNING * * *
You swap places.
The orc priest hits your white imp but does no damage.
Casting: Call Imp (safe; 4% risk of failure)
Confirm with . or Enter, or press ? or * to list all spells.
A beastly little devil appears in a puff of frigid air.
Your white imp gestures at the orc priest.
The puff of frost hits the orc priest.
The orc priest invokes the aid of Beogh against you.
Beogh smites you!
You die...

###########
#oo5.5@...###
#.#######...# #.
###.# .o #.# .#.
#.# #... #.# # #o
..####.#### ..
...........#
...####.##.######


You could see an orc priest, an orc and 2 friendly white imps.

Vanquished Creatures
  An adder (D:3)
  An ooze (D:2)
  6 dart slugs
  3 leopard geckos
  7 orcs
  5 goblins
  7 hobgoblins
  6 kobolds
  3 ball pythons
  7 bats
  4 frilled lizards
  9 rats
59 creatures vanquished.

Vanquished Creatures (collateral kills)
  An ogre (D:4)
  An orc wizard (D:3)
  4 adders
  2 worms (D:3)
  A leopard gecko (D:2)
  4 orcs (D:3)
  2 hobgoblins (D:3)
  A kobold (D:3)
  2 quokkas (D:3)
  A bat (D:2)
19 creatures vanquished.

Vanquished Creatures (others)
  5 toadstools (D:1)
5 creatures vanquished.

Grand Total: 83 creatures vanquished

Notes
Turn   | Place    | Note
-------+----------+-------------------------------------------
     0 | D:1      | bogs101 the Deep Elf Wizard began the quest for the Orb.
     0 | D:1      | Reached XP level 1. HP: 10/10 MP: 7/7
   266 | D:1      | Reached skill level 5 in Spellcasting
   266 | D:1      | Reached XP level 2. HP: 15/15 MP: 6/10
   983 | D:1      | Reached XP level 3. HP: 19/19 MP: 6/12
  1240 | D:3      | Learned a level 2 spell: Blink
  1243 | D:3      | Learned a level 2 spell: Call Imp
  1715 | D:2      | Reached skill level 6 in Spellcasting
  1940 | D:2      | Reached XP level 4. HP: 22/24 MP: 11/14
  3039 | D:3      | Reached XP level 5. HP: 25/28 MP: 6/16
  3316 | D:4      | Noticed an ogre
  3329 | D:4      | Killed an ogre
  3329 | D:4      | Reached skill level 7 in Spellcasting
  3374 | D:4      | Killed from afar by an orc priest

Illustrated notes

Levels and vault maps discovered:
D:1:      ldierk_walled_garden, layout_basic
D:2:      layout_basic
D:3:      layout_basic
D:4:      layout_loops_ring, first_ration

Skill      XL: |  1  2  3  4  5 |
---------------+----------------+-----
Spellcasting   | 5 6 7 |  7.3
Stealth        | 3 4 |  4.2
Summonings     | 2 |  2.0
Dodging        | |  2.4
Conjurations   | |  1.1
Translocations | |  1.1

Action                   |  1- 3 |  4- 6 || total
-------------------------+-------+-------++-------
Throw: Dart              |       |     2 ||     2
 Cast: Magic Dart        |    96 |    52 ||   148
       Call Imp          |     7 |    20 ||    27
  Eat: Chunk             |     3 |     4 ||     7
Armor: Robe              |     3 |    10 ||    13
Dodge: Dodged            |     6 |    11 ||    17
